 Dungeon Crawl Stone Soup version 0.19.1-1-g22dce08 (webtiles) character file.

247 empire the Conjurer (level 5, -1/41 HPs)
             Began as a Mummy Conjurer on Jan 3, 2017.
             Slain by an iguana (12 damage)
             ... on level 4 of the Dungeon.
             The game lasted 00:05:56 (2879 turns).

empire the Conjurer (Mummy Conjurer)                Turns: 2879, Time: 00:05:57

Health: -1/41      AC:  5    Str: 12    XL:     5   Next: 85%
Magic:  5/8        EV: 11    Int: 15    God:
Gold:   116        SH:  0    Dex: 12    Spells: 3 memorised, 0 levels left

rFire  x . .     SeeInvis .     a - +2 whip (drain)
rCold  + . .     Gourm    .     Z - +0 leather armour
rNeg   + + +     Faith    .     (no shield)
rPois  ∞         Spirit   .     W - +0 helmet
rElec  .         Reflect  .     (no cloak)
rCorr  .         Harm     .     (no gloves)
MR     .....                    X - +0 pair of boots
Stlth  +.........               (no amulet)
                                (no ring)
                                (no ring)

@: no status effects
A: no food or potions, fire vulnerability, cold resistance 1, negative energy
resistance 3, torment resistance, unbreathing
a: no special abilities


You were on level 4 of the Dungeon.
You were not hungry.

You visited 1 branch of the dungeon, and saw 4 of its levels.

You collected 116 gold pieces.

Inventory:

Hand Weapons
 a - a +2 whip of draining (weapon)
 b - a +2 mace of protection
 f - a +1 dagger of speed
Armour
 W - a +0 helmet (worn)
 X - a +0 pair of boots (worn)
 Z - a +0 leather armour (worn)
Wands
 k - a wand of flame (18/48)
Scrolls
 g - a scroll of fear {unknown}
 h - a scroll of identify
 i - a scroll of enchant armour {unknown}
 j - a scroll of recharging {unknown}
 l - a scroll of amnesia {unknown}
Books
 e - a book of Conjurations

   Spells                             Type                      Level
   a - Magic Dart                     Conjuration                  1
   b - Searing Ray                    Conjuration                  2
   c - Dazzling Spray                 Conjuration/Hexes            3
   d - Fulminant Prism                Conjuration/Hexes            4
   e - Iskenderun's Mystic Blast      Conjuration                  4
   f - Iskenderun's Battlesphere      Conjuration/Charms           5


   Skills:
 - Level 3.0 Fighting
 - Level 1.5 Dodging
 - Level 1.5 Stealth
 - Level 2.0 Spellcasting
 + Level 5.2 Conjurations
 + Level 0.1 Hexes


You couldn't memorise any spells.
You knew the following spells:

 Your Spells              Type           Power        Failure   Level  Hunger
a - Magic Dart            Conj           ###.         3%          1    N/A
b - Dazzling Spray        Conj/Hex       #.....       30%         3    N/A
c - Iskenderun's Mystic   Conj           ###.....     34%         4    N/A

Dungeon Overview and Level Annotations

Branches:
Dungeon (4/15)
 Temple: D:4-7

Altars:

Annotations:
D:3 Sigmund


Innate Abilities, Weirdness & Mutations

You do not eat or drink.
Your flesh is vulnerable to fire.
You are immune to poison.
Your flesh is cold resistant. (rC+)
You are immune to negative energy. (rN+++)
You are immune to unholy pain and torment.
You can survive without breathing.


Message History

The giant cockroach waves its antennae.
The giant cockroach barely misses you.
Casting: Magic Dart
Confirm with . or Enter, or press ? or * to list all spells.
Aiming: Magic Dart
Press: ? - help, Shift-Dir - straight line, f - giant cockroach, p - iguana
Aim: a giant cockroach The magic dart hits the giant cockroach.
The giant cockroach is almost dead.
The iguana closely misses you. The scorpion barely misses you.
The giant cockroach bites you but does no damage.
Casting: Magic Dart
Confirm with . or Enter, or press ? or * to list all spells.
Aiming: Magic Dart
Press: ? - help, Shift-Dir - straight line, f/p - giant cockroach
Aim: a giant cockroach (severely wounded)
The magic dart hits the giant cockroach.
You kill the giant cockroach!
The iguana bites you!
You die...

..........
##.....$..## #
........... .
#....W...#.#
#........#.####
##..............
........>.......
........<.......
#....l@........
.......s.##..###
.....$..... ....
................
..##............
. ..........###
.#....###..#
#.#..#.# ..#


You could see a phantom, a scorpion and an iguana.

Vanquished Creatures
  A centaur (D:3)
  Ijyb (D:3)
  Terence (D:2)
  2 adders
  An ooze (D:2)
  5 worms
  3 dart slugs (D:2)
  3 leopard geckos
  6 giant cockroaches
  11 goblins
  9 hobgoblins
  6 kobolds
  3 quokkas
  8 bats
  A frilled lizard (D:2)
  14 rats
75 creatures vanquished.

Notes
Turn   | Place    | Note
-------+----------+-------------------------------------------
     0 | D:1      | empire the Mummy Conjurer began the quest for the Orb.
     0 | D:1      | Reached XP level 1. HP: 13/13 MP: 3/3
   316 | D:1      | Reached XP level 2. HP: 16/19 MP: 5/5
   877 | D:2      | Reached skill level 4 in Conjurations
   886 | D:2      | Reached XP level 3. HP: 8/24 MP: 6/6
  1152 | D:2      | Learned a level 3 spell: Dazzling Spray
  1406 | D:2      | Noticed Terence
  1418 | D:2      | Killed Terence
  1418 | D:2      | Reached skill level 1 in Fighting
  1418 | D:2      | Reached XP level 4. HP: 16/32 MP: 7/7
  2013 | D:3      | Noticed Ijyb
  2064 | D:3      | Killed Ijyb
  2064 | D:3      | Reached XP level 5. HP: 8/38 MP: 1/8
  2440 | D:3      | Learned a level 4 spell: Iskenderun's Mystic Blast
  2702 | D:3      | Noticed a centaur
  2709 | D:3      | Killed a centaur
  2709 | D:3      | Reached skill level 5 in Conjurations
  2818 | D:3      | Noticed Sigmund
  2868 | D:4      | Noticed a phantom
  2879 | D:4      | Slain by an iguana

Skill      XL: |  1  2  3  4  5 |
---------------+----------------+-----
Conjurations   | 4 5 |  5.2
Fighting       | 1 2 3 |  3.0
Dodging        | |  1.5
Stealth        | |  1.5
Spellcasting   | |  2.0
Hexes          | |  0.1

Action                   |  1- 3 |  4- 6 || total
-------------------------+-------+-------++-------
Melee: Whip              |    91 |   127 ||   218
 Cast: Magic Dart        |     9 |     5 ||    14
       Dazzling Spray    |       |     1 ||     1
  Use: Scroll            |     3 |       ||     3
 Stab: Sleeping          |     1 |     2 ||     3
Armor: Leather armour    |    30 |    30 ||    60
Dodge: Dodged            |    51 |    80 ||   131
